 Dungeon Crawl Stone Soup version 0.29-a0-834-g1e95ca9f62 (webtiles) character file.

Game seed: 7601038499748454080

68 freelancePsychic the Vexing (level 4, -1/24 HPs)
             Began as a Deep Elf Enchanter on July 12, 2022.
             Slain by a scorpion (7 damage)
             ... on level 5 of the Dungeon.
             The game lasted 00:06:24 (2795 turns).

freelancePsychic the Vexing (Deep Elf Enchanter)    Turns: 2795, Time: 00:06:25

Health: -1/24      AC:  2    Str:  5    XL:     4   Next: 1%
Magic:  10/11      EV: 12    Int: 22    God:
Gold:   69         SH:  0    Dex: 15    Spells: 2/10 levels left

rFire   . . .      SeeInvis .   e - +0 dagger (speed)
rCold   . . .      Faith    .   (no shield)
rNeg    . . .      Spirit   .   b - +0 robe
rPois   +          Reflect  .   (no helmet)
rElec   .          Harm     .   (no cloak)
rCorr   .          Rampage  .   (no gloves)
Will    .....                   (no boots)
Stlth   ++........              (no amulet)
HPRegen 0.08/turn               a - ring of poison resistance
MPRegen 0.12/turn               (no ring)

@: invisible
A: no striking features
a: no special abilities


You were on level 5 of the Dungeon.
You visited 1 branch of the dungeon, and saw 4 of its levels.

You collected 184 gold pieces.
You spent 115 gold pieces at shops.

Inventory:

Hand Weapons
 e - a +0 dagger of speed (weapon)
 f - a +0 whip of electrocution
Armour
 b - a +0 robe (worn)
 l - a +0 kite shield
Jewellery
 a - a ring of poison resistance (left hand)
 d - an amulet of regeneration
 m - a +6 ring of dexterity
Wands
 j - a wand of charming (9)
Scrolls
 g - a scroll of blinking
 h - a scroll of fear
Potions
 c - a potion of invisibility
 i - a potion of curing {unknown}
 k - 2 potions of brilliance {unknown}
 n - a potion of experience {unknown}


   Skills:
 - Level 0.9 Fighting
 - Level 1.1 Short Blades
 - Level 2.4 Dodging
 - Level 3.6 Stealth
 + Level 3.8 Spellcasting
 - Level 4.1 Hexes
 * Level 2.7 Summonings
 - Level 0.4 Ice Magic


You had 2 spell levels left.
You knew the following spells:

 Your Spells              Type           Power      Damage    Failure   Level
a - Ensorcelled Hibernat  Hex/Ice        28%        N/A       7%          2
b - Call Canine Familiar  Summ           16%        N/A       11%         3
c - Summon Guardian Gole  Hex/Summ       19%        N/A       9%          3

Your spell library contained the following spells:

 Spells                   Type           Power      Damage    Failure   Level
 Summon Small Mammal      Summ           64%        N/A       3%          1
 Confusing Touch          Hex            22%        N/A       6%          3
 Tukima's Dance           Hex            22%        N/A       6%          3
 Dazzling Flash           Conj/Hex       26%        N/A       14%         3


Dungeon Overview and Level Annotations

Branches:
Dungeon (3/15)

Altars:

Shops:
D:2 =(?(


Message History

You hit the scorpion.
The scorpion is almost dead.
The scorpion barely misses you.
You hit the scorpion but do no damage.
The scorpion is almost dead.
You hit the scorpion but do no damage.
The scorpion is almost dead.
The scorpion stings you.
You barely miss the scorpion.
The scorpion is almost dead.
The scorpion stings you.
You fade into invisibility!
The scorpion closely misses you.
You closely miss the scorpion.
The scorpion is almost dead.
The scorpion closely misses you.
You hit the scorpion but do no damage.
The scorpion is almost dead.
The scorpion barely misses you.
You hit the scorpion but do no damage.
The scorpion is almost dead.
The scorpion stings you.
You barely miss the scorpion.
The scorpion is almost dead.
You hit the scorpion.
The scorpion is almost dead.
The scorpion stings you but does no damage.
You closely miss the scorpion.
The scorpion is almost dead.
The scorpion stings you.
* * * LOW HITPOINT WARNING * * *
You hit the scorpion but do no damage.
The scorpion is almost dead.
You closely miss the scorpion.
The scorpion is almost dead.
The scorpion closely misses you.
You hit the scorpion but do no damage.
The scorpion is almost dead.
The scorpion stings you!
You die...

.... .....
##..... ###
###...#... ...
.........
#.##........
#####...........
#..####.........
#...@s.....###..
#######..#...#
##...#...
##..#.... ..#
... #.# .# ..
.#.


You could see a scorpion (unable to see you).

Vanquished Creatures
  2 adders
  3 dart slugs
  6 ball pythons
  4 bats
  An endoplasm (D:1)
  A giant cockroach (D:2)
  9 goblins
  5 hobgoblins
  6 frilled lizards (D:1)
  2 kobolds (D:1)
  4 rats
43 creatures vanquished.

Notes
Turn   | Place    | Note
-------+----------+-------------------------------------------
     0 | D:1      | freelancePsychic the Deep Elf Enchanter began the quest for
                  | the Orb.
     0 | D:1      | Reached XP level 1. HP: 10/10 MP: 6/6
   327 | D:1      | Reached XP level 2. HP: 6/16 MP: 8/8
   330 | D:1      | Learned a level 2 spell: Ensorcelled Hibernation
   530 | D:1      | Reached skill level 1 in Summonings
   761 | D:1      | Found a faded altar of an unknown god.
  1185 | D:1      | Reached XP level 3. HP: 20/20 MP: 6/9
  1189 | D:1      | Learned a level 3 spell: Call Canine Familiar
  1193 | D:1      | Learned a level 3 spell: Summon Guardian Golem
  1960 | D:2      | Found Byonnufor's Weapon Shop.
  1963 | D:2      | Found Zicemofa's Magic Scroll Emporium.
  1971 | D:2      | Bought a scroll of blinking for 75 gold pieces
  1971 | D:2      | Bought a scroll of fear for 40 gold pieces
  1992 | D:2      | Found Inudotoz's Jewellery Shoppe.
  2391 | D:2      | Found Ciehefei's Antique Weapon Boutique.
  2752 | D:3      | Reached XP level 4. HP: 24/24 MP: 11/11
  2760 | D:3      | You fall into a shaft and drop 2 floors!
  2760 | D:5      | Entered Level 5 of the Dungeon
  2769 | D:5      | Noticed a scorpion
  2795 | D:5      | Slain by a scorpion

Illustrated notes

Levels and vault maps discovered:
D:1:      tarquinn_simple_flora_water_e, layout_loops_ring,
          hellmonk_ecumenical_altar_pennies_from_heaven
D:2:      layout_basic, serial_shops, nicolae_shop_statue_plus, shop_scrolls,
          shop, nicolae_shop_behind_doors
D:3:      layout_loops_ring, nicolae_gozag_cash_rules_everything_around_me
D:5:      layout_rooms, lemuel_tele_altar, old_standard_altar, serial_shops,
          nicolae_shop_hallway_stairs, uniq_blork_the_orc

Skill      XL: |  1  2  3 |
---------------+----------+-----
Summonings     | 1 2 |  2.7
Fighting       | |  0.9
Short Blades   | |  1.1
Dodging        | |  2.4
Stealth        | |  3.6
Spellcasting   | |  3.8
Hexes          | |  4.1
Ice Magic      | |  0.4

Action                   |  1- 3 |  4- 6 || total
-------------------------+-------+-------++-------
Melee: Dagger            |    75 |    15 ||    90
 Cast: Ensorcelled Hiber |    23 |     1 ||    24
  Use: Scroll            |     5 |     1 ||     6
       Potion            |       |     1 ||     1
 Stab: Sleeping          |    33 |     1 ||    34
Armor: Robe              |    12 |     2 ||    14
Dodge: Dodged            |    38 |     5 ||    43

Table legend: (Time is in decaauts)
 A = Elapsed time spent in this place.
 B = Non-inter-level travel time spent in this place.
 C = Inter-level travel time spent in this place.
 D = Time resting spent in this place.
 E = Time spent auto-exploring this place.
 F = Levels seen in this place.
 G = Mean time per level.
                   A        B        C        D        E       F      G
               +--------+--------+--------+--------+--------+-----+--------+
         Total |   2773 |   2712 |     61 |     76 |   2255 |   4 |  693.2 |
       Dungeon |   2773 |   2712 |     61 |     76 |   2255 |   4 |  693.2 |
               +--------+--------+--------+--------+--------+-----+--------+

Top non-repeatable levels by time:
     D:1: 1418 daAuts
     D:2: 1198 daAuts
     D:3: 126 daAuts
     D:5: 29 daAuts
